 Dungeon Crawl Stone Soup version 0.26.1-11-gd32895ea62 (webtiles) character file.

Game seed: 16886701826875361697

207 Gerhazo the Conjurer (level 5, -3/38 HPs)
             Began as a Draconian Conjurer on May 31, 2021.
             Killed from afar by an orc wizard (6 damage)
             ... with a magic dart
             ... on level 4 of the Dungeon.
             The game lasted 00:01:54 (1341 turns).

Gerhazo the Conjurer (Draconian Conjurer)           Turns: 1341, Time: 00:01:55

Health: -3/38      AC:  4    Str:  9    XL:     5   Next: 54%
Magic:  1/9        EV: 12    Int: 20    God:
Gold:   85         SH:  0    Dex:  9    Spells: 7/10 levels left

rFire    . . .     SeeInvis .   i - +1 dagger (venom)
rCold    . . .     Faith    .   (no shield)
rNeg     . . .     Spirit   .   (armour unavailable)
rPois    .         Reflect  .   (helmet restricted)
rElec    .         Harm     .   (no cloak)
rCorr    .         Rampage  .   (no gloves)
Will     +....                  g - -2 pair of boots (curse)
Stlth    ++........             (no amulet)
HPRegen  0.12/turn              c - ring of willpower
MPRegen  0.11/turn              (no ring)

@: no status effects
A: unfitting armour, cold-blooded, AC +5
a: no special abilities


You were on level 4 of the Dungeon.
You visited 1 branch of the dungeon, and saw 4 of its levels.

You collected 85 gold pieces.

Inventory:

Hand Weapons
 i - a +1 dagger of venom (weapon)
Armour
 g - a cursed -2 pair of boots (worn)
Jewellery
 c - a ring of willpower (left hand)
Wands
 j - a wand of paralysis (4)
Scrolls
 a - 2 scrolls of remove curse {unknown}
 b - 2 scrolls of identify {unknown}
 f - 3 scrolls of magic mapping {unknown}
 h - a scroll of fog {unknown}
Potions
 d - a potion of heal wounds {unknown}
 e - a potion of cancellation {unknown}


   Skills:
 - Level 1.8 Dodging
 - Level 1.9 Stealth
 + Level 3.3 Spellcasting
 * Level 6.1 Conjurations


You had 7 spell levels left.
You knew the following spells:

 Your Spells              Type           Power        Failure   Level
a - Magic Dart            Conj           100%         1%          1
b - Searing Ray           Conj           54%          1%          2

Your spell library contained the following spells:

 Spells                   Type           Power        Failure   Level
 Dazzling Flash           Conj/Hex       30%          12%         3
 Fulminant Prism          Conj/Hex       7%           36%         4
 Iskenderun's Mystic Bla  Conj/Tloc      15%          36%         4


Dungeon Overview and Level Annotations

Branches:
Dungeon (4/15)
 Temple: D:4-7

Altars:


Innate Abilities, Weirdness & Mutations

Your plain brown scales are hard. (AC +5)
You cannot fit into any form of body armour.
You are cold-blooded and may be slowed by cold attacks.


Message History

The orc wizard gestures wildly while chanting.
The orc wizard blinks!
The orc priest calls down the wrath of Beogh upon you.
Beogh smites you! The orc hits you with a +0 short sword.
You hit the orc priest but do no damage.
The orc priest is almost dead.
The orc priest hits you with a +0 whip. The orc hits you but does no damage.
You hit the orc priest but do no damage.
The orc priest is poisoned.
You tail-slap the orc priest.
You kill the orc priest!
The orc wizard casts a spell at you. The magic dart hits you!
* * * LOW HITPOINT WARNING * * *
The orc hits you with a +0 short sword.
* * * LOW HITPOINT WARNING * * *
Found 5 gold pieces.
You see here an orc corpse.
The orc wizard gestures at you while chanting.
The magic dart hits you.
You die...

#..##..###.#####...##
#<.##......####.....#####
#รท.##....<...............
#..####.#.#####..../###
...# #.#.# ##.).## ##.# #
#.#######o## #.#
#.....$...# #.#
#..######.# .. ........@.#
## ###########


You could see an orc wizard.

Vanquished Creatures
  A centaur (D:4)
  An orc priest (D:4)
  A centaur skeleton (D:4)
  An iguana (D:4)
  A worker ant zombie (D:4)
  An adder (D:4)
  A leopard gecko (D:1)
  An orc (D:4)
  2 giant cockroaches (D:1)
  5 goblins
  4 hobgoblins (D:1)
  A bat (D:1)
  A frilled lizard (D:1)
  A kobold (D:1)
  6 rats (D:1)
28 creatures vanquished.

Notes
Turn   | Place    | Note
-------+----------+-------------------------------------------
     0 | D:1      | Gerhazo the Draconian Conjurer began the quest for the Orb.
     0 | D:1      | Reached XP level 1. HP: 14/14 MP: 3/3
   181 | D:1      | Reached XP level 2. HP: 20/20 MP: 0/5
   338 | D:1      | Learned a level 2 spell: Searing Ray
   984 | D:4      | Reached XP level 3. HP: 26/26 MP: 2/6
   998 | D:4      | Reached skill level 5 in Conjurations
  1086 | D:4      | Reached XP level 4. HP: 18/33 MP: 1/8
  1185 | D:4      | Noticed a centaur
  1201 | D:4      | Killed a centaur
  1202 | D:4      | Reached XP level 5. HP: 25/38 MP: 4/9
  1327 | D:4      | Reached skill level 6 in Conjurations
  1341 | D:4      | Killed from afar by an orc wizard

Illustrated notes

Levels and vault maps discovered:
D:1:      evilmike_arrival_plus, layout_rooms
D:2:      layout_rooms, lemuel_crystal_altar
D:3:      layout_loops_ring, uniq_crazy_yiuf_cottage
D:4:      layout_loops_ring, minmay_goblin_kobold_house

Skill      XL: |  1  2  3  4  5 |
---------------+----------------+-----
Conjurations   | 5 6 |  6.1
Spellcasting   | 3 |  3.3
Dodging        | |  1.8
Stealth        | |  1.9

Action                   |  1- 3 |  4- 6 || total
-------------------------+-------+-------++-------
Melee: Club              |     5 |       ||     5
       Dagger            |     8 |     2 ||    10
       Tailslap          |     2 |     1 ||     3
 Cast: Magic Dart        |    23 |       ||    23
       Searing Ray       |    10 |     4 ||    14
Armor: Skin              |     5 |     1 ||     6
Dodge: Dodged            |    15 |     3 ||    18
